cohdb
Replays
Latest Replays
All Replays
Popular Replays
Top Player Replays
Match Explorer
How It Works
Community
CoH3 Stats
Reddit
Sign in to upload your games and track your stats! →
Sign in with Steam
Match 25155139
Unlisted
Match 25155139
Overview
Messages
Build Orders
End
Selects Armored Battlegroup
Selects Assault Engineers
Assault Engineer Squad
Assault Engineer Squad
Construct Weapon Support Center
M1919 Machine Gun Team
Assault Engineer Squad
Assault Engineer Squad
Mechanized Support Center
Construct Motor Pool
Selects Fast Deploy
M8 Greyhound Armored Car
M8 Greyhound Armored Car
Designate Forward Repair Station
M8 Greyhound Armored Car
Improvised Armor
Rearm and Retrofit
Construct Medical Station
Designate Forward Repair Station
M8 Greyhound Armored Car
Selects Field Repairs
Selects War Machine
M8 Greyhound Armored Car
M8 Greyhound Armored Car
M24 Chaffee Light Tank
ConcernedApe
繧ォ繝シ繝ゥ繝√Ε繧ッ繝ゥ
0
0
Comments
sign in to comment!
No comments posted yet!